 Dungeon Crawl Stone Soup version 0.22-a0-608-g8a62e23 (webtiles) character file.

3 Hebeh the Firebug (level 1, -2/10 HPs)
             Began as a Deep Elf Fire Elementalist on July 9, 2018.
             Slain by a leopard gecko (4 damage)
             ... on level 1 of the Dungeon.
             The game lasted 00:00:42 (284 turns).

Hebeh the Firebug (Deep Elf Fire Elementalist)       Turns: 284, Time: 00:00:43

Health: -2/10      AC:  2    Str:  5    XL:     1   Next: 41%
Magic:  0/6        EV: 13    Int: 19    God:
Gold:   16         SH:  0    Dex: 15    Spells: 5/6 levels left

rFire    . . .     SeeInvis .   (no weapon)
rCold    . . .     Gourm    .   (no shield)
rNeg     . . .     Faith    .   a - +0 robe
rPois    .         Spirit   .   (no helmet)
rElec    .         Reflect  .   (no cloak)
rCorr    .         Harm     .   (no gloves)
MR       .....                  (no boots)
Stlth    ++........             (no amulet)
HPRegen  0.03/turn              (no ring)
MPRegen  0.10/turn              (no ring)

@: very slightly contaminated
A: no striking features
a: no special abilities


You were on level 1 of the Dungeon.
You were not hungry.

You visited 1 branch of the dungeon, and saw 1 of its levels.

You collected 16 gold pieces.

Inventory:

Armour
 a - a +0 robe (worn)
Scrolls
 b - 2 scrolls of remove curse {unknown}
 e - a scroll of fear {unknown}
Comestibles
 c - a ration


   Skills:
 + Level 0.0 Fighting
 - Level 2.4 Dodging
 - Level 2.4 Stealth
 * Level 3.1 Spellcasting
 * Level 1.2 Conjurations
 * Level 3.3 Fire Magic


You had 5 spell levels left.
You knew the following spells:

 Your Spells              Type           Power        Failure   Level  Hunger
a - Flame Tongue          Conj/Fire      ##...        6%          1    None

Your spell library contained the following spells:

 Spells                   Type           Power        Failure   Level  Hunger
 Fireball                 Conj/Fire      ##........   85%         5    ######.
 Conjure Flame            Conj/Fire      ##......     17%         3    ###....
 Throw Flame              Conj/Fire      ##....       9%          2    ##.....
 Sticky Flame             Conj/Fire      ##......     50%         4    ####...
 Inner Flame              Hex/Fire       #.......     22%         3    ###....


Dungeon Overview and Level Annotations

Branches:
Dungeon (1/15)

Altars:


Message History

Aiming: Flame Tongue (safe; 6% risk of failure)
Press: ? - help, Shift-Dir - straight line, f/p - frilled lizard
Aim: a frilled lizard (heavily wounded)
The flame tongue hits the frilled lizard.
You kill the frilled lizard!
The leopard gecko bites you.
The leopard gecko bites you but does no damage.
The leopard gecko closely misses you. The leopard gecko barely misses you.
Casting: Flame Tongue (safe; 6% risk of failure)
Confirm with . or Enter, or press ? or * to list all spells.
Aiming: Flame Tongue (safe; 6% risk of failure)
Press: ? - help, Shift-Dir - straight line, f - leopard gecko
Aim: a leopard gecko The flame tongue hits the leopard gecko.
The leopard gecko is heavily wounded.
The leopard gecko bites you.
* * * LOW HITPOINT WARNING * * *
The leopard gecko bites you.
You die...

###### #....# #####....#
. +...'....# ## ..#
#####....# #####.
....########.######....#
##................'....+
....##..#.####.####....#
#......@..# #.# #.....
#..#.#.l#+####.# ######
. #.#......##.#
#..#.#......##.# .
............##.#
$...####..#......#
...[..†...#...####
.####....##?###
.........#.#


You could see a leopard gecko.

Vanquished Creatures
  2 jackals (D:1)
  A frilled lizard (D:1)
3 creatures vanquished.

Notes
Turn   | Place    | Note
-------+----------+-------------------------------------------
     0 | D:1      | Hebeh the Deep Elf Fire Elementalist began the quest for the Orb.
     0 | D:1      | Reached XP level 1. HP: 10/10 MP: 6/6
   284 | D:1      | Slain by a leopard gecko

Vault maps used:
D:1:      ncdulo_lavacross, serial_park_tiny_1, minmay_misc_feat_chi,
          minmay_tetromino_i2

Action                   || total
-------------------------++-------
Melee: Unarmed           ||     5
 Cast: Flame Tongue      ||    12
Armor: Robe              ||     2
Dodge: Dodged            ||    16

Table legend:
 A = Spawn XP
 B = Non-spawn XP
 C = Spawn XP percentage of total XP
 D = Spawn monster count
 E = Non-spawn monster count
 F = Spawn count percentage of total count
 G = Total turns spent on level
                    A         B        C        D         E        F      G
               +---------+---------+-------+---------+---------+-------+---------
         Total |       0 |       5 |   0.0 |       0 |       3 |   0.0 |   284
               +---------+---------+-------+---------+---------+-------+---------
           D:1 |       0 |       5 |   0.0 |       0 |       3 |   0.0 |   284
               +---------+---------+-------+---------+---------+-------+---------
